 Dungeon Crawl Stone Soup version 0.29.1-1-gd02db6906a (webtiles) character file.

Game seed: 18371864429167372438

62 Earthwalker the Trooper (level 3, -1/33 HPs)
             Began as a Minotaur Fighter on Oct 22, 2022.
             Slain by Poofo's ghost (7 damage)
             ... on level 4 of the Dungeon.
             The game lasted 00:02:11 (1268 turns).

Earthwalker the Trooper (Minotaur Fighter)          Turns: 1268, Time: 00:02:11

Health: -1/33      AC:  7    Str: 22    XL:     3   Next: 85%
Magic:  2/2        EV:  9    Int:  5    God:
Gold:   131        SH:  4    Dex:  9    Spells: 2/2 levels left

rFire   . . .      SeeInvis .   l - +2 falchion (distort)
rCold   . . .      Faith    .   c - +0 buckler
rNeg    . . .      Spirit   .   b - +0 scale mail
rPois   .          Reflect  .   (helmet restricted)
rElec   .          Harm     .   (no cloak)
rCorr   .          Rampage  .   (no gloves)
Will    .....                   (no boots)
Stlth   ..........              (no amulet)
HPRegen 0.11/turn               (no ring)
MPRegen 0.08/turn               (no ring)

@: no status effects
A: horns 2, retaliatory headbutt
a: no special abilities


You were on level 4 of the Dungeon.
You visited 1 branch of the dungeon, and saw 4 of its levels.

You collected 131 gold pieces.

Inventory:

Hand Weapons
 a - a +0 long sword
 l - a +2 falchion of distortion (weapon)
Armour
 b - a +0 scale mail (worn)
 c - a +0 buckler (worn)
Jewellery
 j - an amulet of magic regeneration
Scrolls
 f - 2 scrolls of teleportation {unknown}
 i - a scroll of enchant armour {unknown}
Potions
 d - 2 potions of might
 e - a potion of berserk rage {unknown}
 g - a potion of haste {unknown}
 h - a potion of degeneration {unknown}
 k - a potion of lignification {unknown}


   Skills:
 * Level 4.2 Fighting
 * Level 3.1 Long Blades
 * Level 4.2 Armour
 + Level 1.0 Dodging
 * Level 4.2 Shields


You had 2 spell levels left.
You didn't know any spells.
Your spell library was empty.

Dungeon Overview and Level Annotations

Branches:
Dungeon (4/15)
 Temple: D:4-7

Altars:

Annotations:
D:4 Poofo's ghost, amateur MiFi


Innate Abilities, Weirdness & Mutations

You have a pair of horns on your head.
You reflexively headbutt those who attack you in melee.


Message History

You kill the river rat!
The adder bites you but does no damage.
Your Dodging skill increases to level 1!
You hit the adder.
The adder is moderately wounded.
The adder blinks!
You closely miss Poofo's ghost. Your headbutt misses Poofo's ghost.
The adder bites you. Poofo's ghost hits you.
The adder bites you but does no damage.
You closely miss Poofo's ghost. Poofo's ghost hits you. The adder bites you.
Poofo's ghost hits you!
You hit Poofo's ghost.
Space warps horribly around Poofo's ghost!!
Poofo's ghost is heavily damaged.
The adder bites you but does no damage. x2; Poofo's ghost hits you!
* * * LOW HITPOINT WARNING * * *
You hit Poofo's ghost.
Poofo's ghost is severely damaged.
Poofo's ghost blinks!
The adder barely misses you. You furiously retaliate!
You headbutt the adder. Poofo's ghost attacks as you move away!
Poofo's ghost barely misses you. The adder bites you but does no damage.
You block the adder's attack.
There is an open translucent door here.
You see here a river rat corpse.
You hit Poofo's ghost but do no damage.
Poofo's ghost is severely damaged.
Poofo's ghost blinks!
The adder bites you but does no damage. The adder bites you but does no damage.
The adder bites you but does no damage. Poofo's ghost closely misses you.
You furiously retaliate!
You headbutt Poofo's ghost, but do no damage.
You block the adder's attack.
You barely miss Poofo's ghost. Your headbutt misses Poofo's ghost.
Poofo's ghost is severely damaged.
The adder barely misses you. Poofo's ghost barely misses you.
You furiously retaliate!
You headbutt Poofo's ghost. You closely miss Poofo's ghost.
Poofo's ghost is severely damaged.
The adder barely misses you. Poofo's ghost hits you!
You die...

#.#.#.#.#######
#...[.#.#.....#
#.#.#.......#####
#.#.#.#.#........
#.#.#.#.#....##
##........<...#
#..############
#WS#~~~~~~~
#@.†~~~~(~~
##.#~~~~~~~
##########


You could see Poofo's ghost and an adder.

Vanquished Creatures
  A river rat (D:4)
  An adder (D:3)
  2 dart slugs
  2 orcs
  3 endoplasms
  A giant cockroach (D:1)
  3 goblins
  5 hobgoblins
  4 jackals (D:1)
  2 kobolds (D:1)
  5 ball pythons
  4 frilled lizards
  3 rats
36 creatures vanquished.

Notes
Turn   | Place    | Note
-------+----------+-------------------------------------------
     0 | D:1      | Earthwalker the Minotaur Fighter began the quest for the
                  | Orb.
     0 | D:1      | Reached XP level 1. HP: 19/19 MP: 0/0
   403 | D:1      | Reached XP level 2. HP: 21/27 MP: 1/1
   782 | D:1      | Reached XP level 3. HP: 31/33 MP: 2/2
  1218 | D:3      | Found a faded altar of an unknown god.
  1246 | D:4      | Found a runed translucent door.
  1250 | D:4      | Noticed Poofo's ghost (amateur MiFi)
  1258 | D:4      | Reached skill level 1 in Dodging
  1268 | D:4      | Slain by Poofo's ghost

Illustrated notes

Levels and vault maps discovered:
D:1:      nicolae_arrival_somewhat_less_tricky_arrival, layout_loops_corners,
          nrook_mini_backslash
D:2:      layout_basic, uniq_natasha
D:3:      layout_rooms, nicolae_ecumenical_lake_church
D:4:      layout_basic, minitemple, temple_hall, ebering_ghost_sewer_f,
          minmay_misc_feat_diagonals

Skill      XL: |  1  2  3 |
---------------+----------+-----
Armour         | 4 |  4.2
Fighting       | 4 |  4.2
Shields        | 4 |  4.2
Long Blades    | 3 |  3.1
Dodging        | 1 |  1.0

Action                   || total
-------------------------++-------
Melee: Long sword        ||    81
       Headbutt          ||    11
       Falchion          ||    12
Armor: Scale mail        ||    41
Dodge: Dodged            ||    37
Block: Buckler           ||    20
